 Dungeon Crawl Stone Soup version 0.19.0 (webtiles) character file.

74 axiom the Poker (level 4, -12/34 HPs)
             Began as a Merfolk Gladiator on Nov 2, 2016.
             Killed by divine providence
             ... invoked by an orc priest
              (16 damage)
             ... on level 4 of the Dungeon.
             The game lasted 00:24:31 (1608 turns).

axiom the Poker (Merfolk Gladiator)                 Turns: 1608, Time: 00:24:32

Health: -12/34     AC:  7    Str: 16    XL:     4   Next: 28%
Magic:  4/4        EV: 13    Int:  7    God:
Gold:   88         SH:  0    Dex: 14    Spells: 0 memorised, 3 levels left

rFire  . . .     SeeInvis .     q - +0 spear
rCold  . . .     Gourm    .     E - +0 ring mail
rNeg   . . .     Faith    .     (no shield)
rPois  .         Spirit   .     c - +0 helmet
rElec  .         Reflect  .     (no cloak)
rCorr  .         Harm     .     (no gloves)
MR     .....                    o - +0 pair of boots
Stlth  +.........               (no amulet)
                                (no ring)
                                (no ring)

@: lethally poisoned (-12 -> -14)
A: change form in water, swift swim, stealthy swim
a: no special abilities


You were on level 4 of the Dungeon.
You were not hungry.

You visited 1 branch of the dungeon, and saw 4 of its levels.

You collected 88 gold pieces.

Inventory:

Hand Weapons
 a - a +0 trident
 e - a +0 dagger
 j - a +0 dagger
 l - a +0 club
 p - a +0 dagger
 q - a +0 spear (weapon)
 r - a +0 club
 s - a +0 short sword
 u - a +0 club
 w - a +0 whip
 B - a +0 short sword
 G - a +0 trident
Missiles
 d - 3 throwing nets (quivered)
 n - 3 tomahawks of dispersal
 v - 56 stones
Armour
 b - a +0 leather armour
 c - a +0 helmet (worn)
 o - a +0 pair of boots (worn)
 x - a +0 robe
 E - a +0 ring mail (worn)
Scrolls
 y - a scroll of teleportation {unknown}
 C - 2 scrolls of identify {unknown}
 I - a scroll of immolation {unknown}
Potions
 t - a potion of brilliance {unknown}
 z - a potion of degeneration {unknown}
 A - a potion of cancellation {unknown}
 D - a potion of curing {unknown}
 F - a potion of flight {unknown}
Comestibles
 f - 4 bread rations
 g - a fruit
 i - 3 beef jerkies
 m - 3 meat rations
 H - 10 chunks of flesh


   Skills:
 + Level 2.9 Fighting
 + Level 5.5 Polearms
 + Level 2.1 Throwing
 + Level 0.2 Armour
 + Level 4.9 Dodging
 + Level 0.5 Stealth


You had 3 spell levels left.
You didn't know any spells.

Dungeon Overview and Level Annotations

Branches:
Dungeon (4/15)
 Temple: D:4-7

Altars:
Ashenzari


Message History

The orc wizard barely misses you.
You barely miss the orc wizard.
The orc wizard is heavily wounded.
The orc hits you with a club.
The orc wizard mumbles some strange words.
The orc wizard blinks!
The orc priest calls upon Beogh to heal the orc wizard.
The orc wizard is healed somewhat.
You feel sick.
The orc wizard points at you and mumbles some strange words.
The magic dart hits you! The orc closely misses you.
The orc priest calls down the wrath of Beogh upon you.
Beogh smites you!
* * * LOW HITPOINT WARNING * * *
The orc wizard casts a spell.
The orc wizard blinks!
You feel sick.
The orc priest calls down the wrath of Beogh upon you.
Beogh smites you!
You die...

########### .....
#########.........#o.o..?
........oo........=...?o.
..#####.#o#.#####.#o..o.o
#.#o#.# #.# ..... #.#.#.#
#.# ##.# #.#o#.# #.# #
#)#.#.# #.# #)#@#.## #.#
#.#####.#....# #.#
>.......###..# ##.######
#..# #..# #..# #..# #..#
#..#


You could see an orc priest, an orc wizard and 3 orcs.

Vanquished Creatures
  A gnoll (D:1)
  An adder (D:2)
  An ooze (D:1)
  3 dart slugs (D:1)
  5 orcs (D:4)
  A giant cockroach (D:1)
  3 goblins
  2 hobgoblins
  3 jackals (D:1)
  7 kobolds
  A quokka (D:3)
  4 bats
  5 frilled lizards
  6 rats
43 creatures vanquished.

Notes
Turn   | Place    | Note
-------+----------+-------------------------------------------
     0 | D:1      | axiom the Merfolk Gladiator began the quest for the Orb.
     0 | D:1      | Reached XP level 1. HP: 16/16 MP: 1/1
   272 | D:1      | Reached XP level 2. HP: 22/23 MP: 2/2
   407 | D:1      | Reached XP level 3. HP: 28/28 MP: 3/3
   443 | D:1      | Reached skill level 5 in Polearms
   481 | D:1      | Found a shattered altar of Ashenzari.
  1031 | D:2      | Reached XP level 4. HP: 31/34 MP: 4/4
  1608 | D:4      | Killed from afar by an orc priest

Skill      XL: |  1  2  3 |
---------------+----------+-----
Polearms       | 5 |  5.5
Fighting       | |  2.9
Throwing       | |  2.1
Armour         | |  0.2
Dodging        | |  4.9
Stealth        | |  0.5

Action                   |  1- 3 |  4- 6 || total
-------------------------+-------+-------++-------
Melee: Trident           |    51 |       ||    51
       Spear             |    81 |    63 ||   144
  Use: Scroll            |       |     2 ||     2
 Stab: Sleeping          |     1 |     1 ||     2
  Eat: Chunk             |       |     2 ||     2
Armor: Leather armour    |    20 |     1 ||    21
       Ring mail         |       |    12 ||    12
Dodge: Dodged            |    51 |    36 ||    87
